Map: Abyssal Reef LE

Players

Tohatzu - Winner!

  • Race: Terran Terran
  • League: Diamond
  • Spawn Location: 5:00

Hybrid

  • Race: Zerg Zerg
  • League: Diamond
  • Spawn Location: 11:00

VOD

Have the link to the VOD?

Description

Time

  • Played on: July 8, 2017, 10:27 a.m.
  • Length: 9:35
Show
View Real Time Build Order
Export as new Build Order

Tohatzu Terran - Winner!

Build Orders: Reaper Expand, MMM Bio 

Get SALT Encoding   

  12  0:01  SCV  
  13  0:13  SCV  
  14  0:17  Supply Depot  
  14  0:25  SCV  
  15  0:39  SCV  
  15  0:40  Barracks  
  16  0:46  Refinery  
  16  0:51  SCV  
  17  1:03  SCV  
  18  1:15  SCV  
  19  1:28  Orbital Command  
  19  1:37  Reaper  
  20  1:42  Command Center  
  20  1:54  SCV  
  21  2:06  SCV  
  22  2:08  Factory  
  22  2:16  Supply Depot  
  22  2:18  SCV  
  22  2:22  Refinery  
  23  2:23  Barracks Reactor  
  23  2:37  SCV  
  24  2:49  SCV  
  25  2:55  Orbital Command  
  25  3:11  SCV  
  26  3:14  Starport  
  26  3:16  Hellion  
  26  3:17  Hellion  
  26  3:18  Marine  
  31  3:23  SCV  
  32  3:29  SCV  
  32  3:32  Armory  
  33  3:35  SCV  
  33  3:36  Marine  
  33  3:38  Hellion  
  33  3:41  SCV  
  38  3:46  Hellion  
  38  3:47  SCV  
  41  3:53  SCV  
  41  3:54  Medivac  
  44  3:56  Marine  
  44  4:00  SCV, Command Center  
  46  4:06  Supply Depot  
  46  4:09  Supply Depot  
  46  4:14  Liberator  
  46  4:20  Supply Depot  
  46  4:26  Supply Depot  
  46  4:28  SCV x2, Hellion x2  
  46  4:29  Barracks Tech Lab  
  55  4:40  SCV x2  
  57  4:47  Bunker  
  57  4:52  SCV x2  
  63  4:53  Hellion x2  
  63  5:01  Marine  
  63  5:04  SCV x2  
  70  5:14  Hellion x2  
  70  5:15  Orbital Command  
  70  5:19  Marine  
  71  5:27  Refinery  
  71  5:28  Refinery  
  71  5:32  Barracks x2  
  71  5:34  Barracks  
  71  5:37  Engineering Bay x2  
  71  5:38  Barracks Tech Lab, Supply Depot  
  71  5:41  SCV x3  
  74  5:49  Banshee  
  74  5:53  SCV x2  
  72  6:01  SCV  
  70  6:05  SCV x2  
  70  6:09  Stimpack  
  72  6:13  SCV  
  72  6:17  SCV  
  72  6:18  SCV  
  75  6:20  Factory Reactor  
  75  6:21  Bunker  
  75  6:23  Supply Depot  
  75  6:25  SCV  
  76  6:27  Terran Infantry Armor Level 1, Terran Infantry Weapons Level 1  
  76  6:28  Barracks Reactor  
  76  6:29  SCV  
  76  6:30  SCV  
  78  6:46  Starport Reactor, Barracks  
  78  6:48  Barracks  
  78  6:50  Factory  
  78  6:51  Barracks  
  78  6:52  Barracks  
  78  6:56  SCV x3  
  78  7:05  Missile Turret  
  79  7:08  SCV x3  
  79  7:10  Marine x5  
  79  7:12  Widow Mine, Combat Shields  
  79  7:13  Widow Mine  
  90  7:20  SCV x2  
  90  7:21  SCV  
  90  7:22  Supply Depot  
  93  7:24  Supply Depot  
  93  7:25  Supply Depot  
  93  7:26  Supply Depot  
  93  7:27  Marine  
  93  7:28  Marine x3  
  97  7:32  SCV  
  97  7:33  SCV  
  97  7:35  Factory Tech Lab  
  97  7:36  Barracks Reactor x2  
  99  7:37  Missile Turret  
  99  7:38  Medivac x2  
  99  7:39  Barracks Reactor x2  
  99  7:41  SCV, Widow Mine x2  
  108  7:44  SCV  
  108  7:46  Missile Turret  
  108  7:47  SCV  
  108  7:50  Marine x2  
  108  7:51  Marine x3  
  113  7:53  SCV  
  113  7:57  SCV  
  117  8:07  Marine  
  117  8:08  Medivac  
  117  8:09  Widow Mine  
  117  8:10  Missile Turret  
  117  8:11  Supply Depot  
  122  8:13  Missile Turret  
  122  8:14  Command Center  
  122  8:16  Marine x7  
  122  8:17  Marine x5  
  134  8:23  Supply Depot  
  134  8:24  Supply Depot  
  134  8:25  Marine, Supply Depot  
  135  8:34  Marine x4  
  136  8:47  Refinery  
  136  8:52  SCV x3, Marine x3  
  136  8:53  Marauder, Marine  
  145  9:00  Marine  
  145  9:01  Marine x7  
  153  9:10  Marine x4  
Show
View Real Time Build Order
Export as new Build Order

Hybrid Zerg 

Build Orders: Hatch First, Muta Ling Bane 

Get SALT Encoding   

  12  0:09  Drone  
  12  0:12  Drone  
  14  0:17  Overlord  
  14  0:36  Drone  
  14  0:42  Drone  
  16  0:52  Drone  
  17  1:03  Drone  
  18  1:04  Hatchery  
  18  1:06  Extractor  
  16  1:13  Drone  
  17  1:19  Spawning Pool  
  16  1:26  Drone  
  17  1:35  Drone  
  18  1:47  Overlord  
  19  2:01  Drone  
  19  2:07  Queen  
  19  2:08  Metabolic Boost  
  21  2:14  Zergling x2  
  22  2:16  Zergling x2, Queen  
  22  2:18  Drone  
  26  2:27  Drone  
  26  2:29  Drone  
  28  2:45  Drone x2  
  28  2:48  Drone  
  30  2:51  Drone  
  31  2:59  Pneumatized Carapace  
  31  3:01  Drone x2  
  32  3:12  Drone  
  33  3:15  Hatchery, Drone  
  33  3:23  Drone x2  
  35  3:28  Overlord  
  35  3:30  Spine Crawler  
  34  3:38  Baneling Nest  
  33  3:43  Zergling x2  
  33  3:44  Zergling x4  
  33  3:46  Zergling x6  
  39  3:52  Zergling x2  
  40  3:56  Zergling x8  
  40  4:00  Overlord  
  44  4:19  Drone x5  
  44  4:23  Extractor x2  
  47  4:24  Lair  
  47  4:25  Drone x3  
  47  4:28  Drone  
  47  4:31  Baneling, Drone  
  52  4:33  Baneling x2  
  52  4:34  Baneling  
  52  4:39  Drone x2  
  52  4:43  Drone x2  
  56  4:48  Drone x2  
  56  4:52  Overlord  
  58  5:05  Overlord  
  58  5:06  Overlord  
  58  5:09  Queen  
  58  5:11  Drone x2  
  58  5:12  Drone  
  58  5:13  Evolution Chamber  
  62  5:18  Extractor, Drone x3  
  64  5:22  Drone  
  64  5:26  Drone  
  66  5:30  Spire, Drone  
  66  5:31  Drone  
  66  5:32  Drone  
  68  5:36  Centrifical Hooks  
  68  5:39  Overseer  
  68  5:41  Drone  
  69  5:45  Drone x3  
  69  5:48  Drone x2  
  74  5:56  Zergling x6  
  73  5:57  Zergling x4  
  73  5:58  Drone x2  
  73  6:03  Zerg Melee Weapons Level 1  
  74  6:07  Drone  
  74  6:08  Drone  
  74  6:09  Drone x3  
  74  6:10  Drone  
  80  6:16  Zergling x2, Extractor  
  80  6:17  Extractor  
  80  6:18  Baneling x4  
  79  6:19  Zergling x2  
  79  6:21  Zergling x2  
  81  6:34  Hatchery  
  81  6:36  Drone  
  81  6:37  Overlord x2  
  80  6:40  Queen  
  80  6:53  Overlord x2  
  80  6:56  Mutalisk  
  80  6:57  Mutalisk x4  
  80  6:59  Mutalisk  
  92  7:06  Drone x4  
  96  7:11  Drone  
  96  7:12  Drone  
  98  7:16  Mutalisk x3  
  98  7:18  Drone  
  105  7:24  Drone  
  105  7:25  Drone  
  107  7:37  Mutalisk x3  
  107  7:41  Overlord  
  107  7:42  Overlord  
  113  7:48  Mutalisk x3  
  119  7:59  Queen  
  119  8:03  Mutalisk  
  121  8:06  Baneling  
  121  8:07  Zergling x8  
  121  8:08  Zergling x14  
  121  8:09  Zergling x4  
  134  8:13  Zergling x2  
  134  8:14  Overlord x2  
  134  8:21  Baneling x4  
  134  8:23  Drone  
  134  8:26  Extractor x2  
  133  8:30  Overlord x3  
  133  8:31  Drone  
  133  8:32  Drone x2  
  133  8:33  Drone  
  137  8:40  Drone x2  
  138  8:43  Mutalisk x3  
  138  8:44  Mutalisk x2  
  138  8:45  Drone x3  
  138  8:46  Drone  
  152  8:50  Drone x2  
  152  8:52  Drone x2  
  152  8:55  Zergling x4  
  153  9:04  Hatchery  
  153  9:06  Zergling x2  
  153  9:07  Mutalisk  
  142  9:15  Zergling x6  
  142  9:17  Zergling x2  
Tags
 
Add a new tag
Caveats
  • Supply blocks, unpowered buildings, or Contaminate may cause inaccurate times.
  • Supply counts are checked every 10 seconds.